 Dungeon Crawl Stone Soup version 0.25.1-2-g60ff931 (webtiles) character file.

Game seed: 7662911411159194680

179 Gadfly the Grave Robber (level 5, -5/28 HPs)
             Began as a Deep Elf Necromancer on Aug 6, 2020.
             Killed by divine providence
             ... invoked by an orc priest
              (15 damage)
             ... on level 4 of the Dungeon.
             The game lasted 00:03:51 (2978 turns).

Gadfly the Grave Robber (Deep Elf Necromancer)      Turns: 2978, Time: 00:03:52

Health: -5/28      AC:  4    Str:  5    XL:     5   Next: 33%
Magic:  11/23      EV: 14    Int: 21    God:
Gold:   151        SH:  0    Dex: 15    Spells: 6/14 levels left

rFire    . . .     SeeInvis +   a - +1 falchion
rCold    . . .     Gourm    .   (no shield)
rNeg     . . .     Faith    .   j - +0 robe
rPois    .         Spirit   .   (no helmet)
rElec    .         Reflect  .   t - +1 cloak
rCorr    .         Harm     .   (no gloves)
MR       .....                  (no boots)
Stlth    ++........             (no amulet)
HPRegen  0.09/turn              d - ring of magical power
MPRegen  0.18/turn              o - ring of see invisible

@: very slightly contaminated
A: no striking features
a: no special abilities


You were on level 4 of the Dungeon.
You were not hungry.

You visited 1 branch of the dungeon, and saw 4 of its levels.

You collected 151 gold pieces.

Inventory:

Hand Weapons
 a - a +1 falchion (weapon)
 b - a +3 flail
Missiles
 h - a throwing net (quivered)
Armour
 j - a +0 robe (worn)
 t - a +1 cloak (worn)
Jewellery
 d - a ring of magical power (left hand)
 f - an uncursed ring of fire
 o - a ring of see invisible (right hand)
Scrolls
 k - a scroll of enchant weapon
 l - 6 scrolls of teleportation
Potions
 e - a potion of curing
 g - 2 potions of lignification
 i - a potion of invisibility {unknown}
 m - a potion of mutation {unknown}
 p - a potion of might {unknown}
 s - a potion of brilliance {unknown}
Comestibles
 c - 3 rations
 n - 4 chunks of flesh


   Skills:
 + Level 3.6 Dodging
 - Level 2.4 Stealth
 * Level 5.2 Spellcasting
 * Level 6.3 Necromancy


You had 6 spell levels left.
You knew the following spells:

 Your Spells              Type           Power        Failure   Level  Hunger
a - Pain                  Necr           ####         1%          1    None
b - Vampiric Draining     Necr           ####......   2%          3    ##.....
c - Animate Dead          Necr           N/A          8%          4    ####...

Your spell library contained the following spells:

 Spells                   Type           Power        Failure   Level  Hunger
 Animate Skeleton         Necr           N/A          1%          1    None
 Agony                    Necr           ####....     22%         5    #####..


Dungeon Overview and Level Annotations

Branches:
Dungeon (4/15)
 Temple: D:4-7

Altars:
Hepliaklqana
Okawaru
Trog
Uskayaw
Vehumet
The Shining One


Message History

The orc wizard seems to speed up.
The orc priest closely misses you.
Casting: Vampiric Draining (dangerous; 2% risk of failure)
Confirm with . or Enter, or press ? or * to list all spells.
Aiming: Vampiric Draining (dangerous; 2% risk of failure)
Press: ? - help, Shift-Dir - straight line, f - orc priest
Aim: an orc priest, wielding a +0 flail and wearing a +0 chain mail You miscast Vampiric Draining.
You are very lightly contaminated with residual magic.
Nothing appears to happen.
Casting: Vampiric Draining (dangerous; 2% risk of failure)
Confirm with . or Enter, or press ? or * to list all spells.
Aiming: Vampiric Draining (dangerous; 2% risk of failure)
Press: ? - help, Shift-Dir - straight line, f/p - orc priest
Aim: an orc priest, wielding a +0 flail and wearing a +0 chain mail The orc priest is heavily wounded.
You feel life coursing into your body.
The orc priest mumbles some strange prayers to Beogh against you.
Beogh smites you!
Ouch! That really hurt!
You die...

##.....##
######...#......
#.......##.#####
#.#####.# .# #.#
#.# .# #.# #.#
.# # #.# ... ..
#o###.##.....
#oo@.....# ..#
#####$......#
#########


You could see an orc priest, an orc wizard (fast) and an orc.

Vanquished Creatures
  An orc priest (D:3)
  An orc wizard (D:4)
  An adder (D:2)
  4 gnolls (D:3)
  A worm (D:3)
  2 dart slugs (D:3)
  A leopard gecko (D:2)
  3 orcs (D:3)
  A ball python (D:3)
  8 bats
  A giant cockroach (D:3)
  8 goblins
  9 hobgoblins
  7 jackals (D:2)
  4 kobolds
  A quokka (D:3)
  3 frilled lizards
  2 rats (D:3)
58 creatures vanquished.

Notes
Turn   | Place    | Note
-------+----------+-------------------------------------------
     0 | D:1      | Gadfly the Deep Elf Necromancer began the quest for the
                  | Orb.
     0 | D:1      | Reached XP level 1. HP: 10/10 MP: 6/6
    90 | D:1      | You fall into a shaft and drop 1 floor!
   216 | D:2      | Reached skill level 5 in Necromancy
   225 | D:2      | Reached XP level 2. HP: 10/15 MP: 1/8
  1217 | D:2      | Found a hazy altar of Hepliaklqana.
  1296 | D:2      | Reached XP level 3. HP: 19/19 MP: 10/10
  1301 | D:2      | Learned a level 3 spell: Vampiric Draining
  2046 | D:3      | Found a glowing golden altar of the Shining One.
  2054 | D:3      | Reached XP level 4. HP: 22/24 MP: 12/12
  2060 | D:3      | Learned a level 4 spell: Animate Dead
  2440 | D:3      | Found a faded altar of an unknown god.
  2515 | D:3      | Found a radiant altar of Vehumet.
  2516 | D:3      | Found an iron altar of Okawaru.
  2520 | D:3      | Found a hide-covered altar of Uskayaw.
  2685 | D:3      | Found a bloodstained altar of Trog.
  2726 | D:3      | Reached skill level 6 in Necromancy
  2762 | D:3      | Reached skill level 5 in Spellcasting
  2762 | D:3      | Reached XP level 5. HP: 24/28 MP: 14/14
  2978 | D:4      | Killed from afar by an orc priest

Illustrated notes

Levels and vault maps discovered:
D:1:      scummos_arrival_star, layout_loops_ring, minmay_distorted
D:2:      layout_basic, lemuel_doored_altar
D:3:      cheibrodos_thug_alley, layout_rooms, bloody_trog,
          nicolae_overflow_crystal_walls, grunt_temple_overflow_open,
          first_ration, chequers_ecumenical_altar_grove
D:4:      layout_loops_corners, lemuel_round_altar, cheibrodos_sewer_entry_bend,
          uniq_sigmund, uniq_blork_the_orc

Skill      XL: |  1  2  3  4 |
---------------+-------------+-----
Necromancy     | 5 6 |  6.3
Spellcasting   | 4 5 |  5.2
Dodging        | 3 |  3.6
Stealth        | |  2.4

Action                   |  1- 3 |  4- 6 || total
-------------------------+-------+-------++-------
Melee: Unarmed           |     4 |       ||     4
       Falchion          |    55 |    28 ||    83
       Flail             |       |     6 ||     6
 Cast: Pain              |    27 |    12 ||    39
       Vampiric Draining |       |     5 ||     5
       Animate Dead      |       |     1 ||     1
  Use: Scroll            |     6 |     2 ||     8
 Stab: Sleeping          |     2 |     3 ||     5
       Distracted        |       |     1 ||     1
  Eat: Chunk             |     4 |     3 ||     7
Armor: Robe              |    19 |     5 ||    24
Dodge: Dodged            |    74 |    29 ||   103
       Rpst.: Falchion   |    24 |    10 ||    34
